 Dungeon Crawl Stone Soup version 0.30-a0-568-g124715a40b (webtiles) character file.

Game seed: 16576817386539117545

3237 bmack86 the Cleaver (level 9, -7/79 HPs)
             Began as a Minotaur Fighter on Dec 29, 2022.
             Was a Priest of Okawaru.
             Killed from afar by an efreet (10 damage)
             ... with a bolt of fire
             ... on level 2 of the Abyss.
             The game lasted 00:29:26 (6239 turns).

bmack86 the Cleaver (Minotaur Fighter)              Turns: 6239, Time: 00:29:27

Health: -7/79      AC: 22    Str: 24    XL:     9   Next: 66%
Magic:  9/9        EV:  8    Int:  5    God:    Okawaru [***...]
Gold:   272        SH:  6    Dex: 14    Spells: 8/8 levels left

rFire   . . .      SeeInvis .    a - +0 war axe
rCold   + . .      Faith    .    c - +0 buckler
rNeg    . . .      Spirit   .    H - +1 chain mail {rC+}
rPois   .          Reflect  .    (helmet restricted)
rElec   .          Harm     .    w - scarf {shadows}
rCorr   .          Rampage  .    m - +1 pair of gloves {Dex+3}
Will    .....                    (no boots) Stlth
                                 B - amulet of magic regeneration
HPRegen 0.33/turn                f - +4 ring of protection
MPRegen 0.51/turn                j - +4 ring of protection

@: on berserk cooldown, slowed, very slow
A: horns 2, retaliatory headbutt
a: Renounce Religion, Heroism


You were on level 2 of the Abyss.
You worshipped Okawaru.
Okawaru was most pleased with you.
You visited 2 branches of the dungeon, and saw 7 of its levels.
You visited the Abyss 1 time.

You collected 423 gold pieces.
You spent 151 gold pieces at shops.

Inventory:

Hand Weapons
 a - a +0 war axe (weapon)
Missiles
 b - 3 boomerangs (quivered)
 x - 2 poisoned darts
Armour
 c - a +0 buckler (worn)
 m - a +1 pair of gloves of dexterity (worn)
 w - a scarf of shadows (worn)
 A - a +0 chain mail
 H - a +1 chain mail of cold resistance (worn)
Jewellery
 d - a ring of fire
 f - a +4 ring of protection (left hand)
 j - a +4 ring of protection (right hand)
 p - a +6 ring of dexterity
 B - an amulet of magic regeneration (around neck)
 E - a ring of fire
 G - a ring of poison resistance
Scrolls
 e - a scroll of amnesia
 i - 2 scrolls of enchant armour {unknown}
 k - a scroll of fog
 n - a scroll of torment {unknown}
 r - a scroll of silence
 t - a scroll of poison {unknown}
 v - a scroll of acquirement {unknown}
 y - 2 scrolls of fear
 z - a scroll of enchant weapon {unknown}
 C - a scroll of teleportation
 F - a scroll of vulnerability {unknown}
Potions
 g - a potion of brilliance
 h - a potion of cancellation
 l - 2 potions of lignification
 q - a potion of flight {unknown}
 s - a potion of heal wounds
 u - a potion of attraction
 D - a potion of ambrosia {unknown}


   Skills:
 + Level 7.4 Fighting
 * Level 9.7 Axes
 + Level 5.2 Throwing
 + Level 7.5 Armour
 + Level 7.4 Shields
 + Level 2.3 Invocations


You had 8 spell levels left.
You didn't know any spells.
Your spell library contained the following spells:

 Spells                   Type           Power      Damage    Failure   Level
 Magic Dart               Conj           0%         1d3       99%         1
 Sandblast                Erth           0%         2d4       99%         1
 Ensorcelled Hibernation  Hex/Ice        0%         N/A       99%         2
 Passwall                 Tmut/Erth      0%         N/A       99%         2
 Searing Ray              Conj           0%         2d4       99%         2
 Ignite Poison            Fire/Tmut/Pois 0%         N/A       100%        3
 Kindle Blastsparks       Fire/Tloc/Air  0%         2d10      100%        3
 Spider Form              Tmut/Pois      0%         N/A       100%        3
 Stone Arrow              Conj/Erth      0%         3d7       100%        3
 Swiftness                Air            0%         N/A       100%        3
 Anguish                  Hex/Necr       0%         N/A       100%        4
 Fulminant Prism          Conj/Hex       0%         3d5       100%        4
 Freezing Cloud           Conj/Ice/Air   0%         6-21      100%        5


Dungeon Overview and Level Annotations

Branches:
Dungeon (6/15)             Temple (1/1) D:4

Altars:
Ashenzari
Cheibriados
Dithmenos
Elyvilon
Fedhas
Hepliaklqana
Kikubaaqudgha
Makhleb
Okawaru
Qazlal
Ru
Sif Muna
Trog
Vehumet
Yredelemnul
Zin
The Shining One

Shops:
D:6 *

Portals:
Abyss: D:6

Annotations:
D:6 1 transporter


Innate Abilities, Weirdness & Mutations

You have a pair of horns on your head.
You reflexively headbutt those who attack you in melee.


Message History

The thrashing horror attacks as you move away!
The thrashing horror tramples you but does no damage. x2
The thrashing horror closely misses you.
The thrashing horror tramples you but does no damage.
The thrashing horror tramples you but does no damage.
You block the thrashing horror's attack.
The thrashing horror tramples you but does no damage.
You block the thrashing horror's attack.
The thrashing horror attacks as you move away!
The thrashing horror tramples you but does no damage.
The thrashing horror tramples you.
The thrashing horror tramples you but does no damage.
The thrashing horror barely misses you. The thrashing horror tramples you.
You hold your ground!
The thrashing horror tramples you.
You stumble backwards!
The thrashing horror tramples you but does no damage. x2
You hit the thrashing horror but do no damage.
You headbutt the thrashing horror.
The thrashing horror is moderately damaged.
The thrashing horror tramples you but does no damage. x2
The efreet gestures at you.
The fireball explodes!
The fireball engulfs you!
* * * LOW HITPOINT WARNING * * *
You block the thrashing horror's attack.
The thrashing horror tramples you.
* * * LOW HITPOINT WARNING * * *
You hold your ground!
The efreet hits you with a +1 scimitar of flaming!
* * * LOW HITPOINT WARNING * * *
The efreet burns you.
* * * LOW HITPOINT WARNING * * *
The thrashing horror tramples you but does no damage.
You block the thrashing horror's attack.
You hit the efreet but do no damage. You hit the thrashing horror.
The thrashing horror barely misses you.
The thrashing horror tramples you but does no damage.
You block the efreet's attack. The efreet gestures at you.
The bolt of fire hits you!
You die...

.## #.....#.
#... #
..#.... . ..
## ..... ..#
...
...####.##.°
..
#..#.#....R.
#.####...#
#...@R○.##
#.#.#..##
#......∩#.#
#.####..###
#. ##.∩.# .
.. ##.## #.
..


You could see an efreet.

Vanquished Creatures
  The ghost of brightshaft the Skirmisher, a novice DgHu (D:6)
  A toenail golem (D:6)
  A merfolk zombie (Abyss:2)
  A steam dragon (D:6)
  A sky beast (D:6)
  A black bear (D:4)
  2 ogres
  2 phantoms
  2 necrophages
  A bullfrog (D:6)
  5 scorpions
  3 small abominations (D:6)
  A vampire bat (D:3)
  A crimson imp (D:6)
  4 orc priests
  4 hounds
  3 iguanas
  A jelly (D:5)
  4 orc wizards
  4 gnolls (D:4)
  11 adders
  A shadow imp (D:6)
  3 white imps
  An ufetubus (D:5)
  A worm (D:3)
  2 dart slugs (D:1)
  3 fire bats (D:3)
  13 orcs
  2 spectral bats (D:3)
  3 bat skeletons (D:3)
  A bat zombie (D:3)
  6 endoplasms
  5 giant cockroaches
  3 goblins
  5 hobgoblins
  2 jackals (D:2)
  9 kobolds
  7 quokkas
  13 ball pythons
  12 bats
  A bat simulacrum (D:3)
  3 frilled lizards
  9 rats
159 creatures vanquished.

Notes
Turn   | Place    | Note
-------+----------+-------------------------------------------
     0 | D:1      | bmack86 the Minotaur Fighter began the quest for the Orb.
     0 | D:1      | Reached XP level 1. HP: 19/19 MP: 0/0
    57 | D:1      | Reached XP level 2. HP: 27/27 MP: 1/1
   174 | D:1      | Reached skill level 3 in Axes
   498 | D:2      | Reached XP level 3. HP: 32/33 MP: 2/2
   695 | D:2      | Reached skill level 1 in Throwing
   871 | D:2      | Reached XP level 4. HP: 40/40 MP: 3/3
  1551 | D:3      | Found a bloodstained altar of Trog.
  1963 | D:3      | Reached skill level 4 in Axes
  2011 | D:3      | Found a faded altar of an unknown god.
  2016 | D:3      | Found a hazy altar of Hepliaklqana.
  2300 | D:3      | Reached XP level 5. HP: 47/47 MP: 4/4
  2523 | D:4      | Reached skill level 5 in Axes
  2523 | D:4      | Reached XP level 6. HP: 45/53 MP: 5/5
  2715 | D:4      | Found a burning altar of Makhleb.
  2715 | D:4      | Found a glowing silver altar of Zin.
  2716 | D:4      | Noticed an angel
  2716 | D:4      | Noticed a blizzard demon
  2886 | D:4      | Reached skill level 5 in Armour
  3135 | D:4      | Reached skill level 5 in Fighting
  3135 | D:4      | Reached skill level 5 in Shields
  3217 | D:4      | Reached XP level 7. HP: 41/61 MP: 6/6
  3228 | D:4      | Reached skill level 6 in Axes
  3857 | D:4      | Found a staircase to the Ecumenical Temple.
  3878 | Temple   | Entered the Ecumenical Temple
  3965 | Temple   | Became a worshipper of Warmaster Okawaru
  4030 | D:5      | Entered Level 5 of the Dungeon
  4295 | D:5      | Reached skill level 7 in Axes
  4295 | D:5      | Reached XP level 8. HP: 70/70 MP: 7/7
  4507 | D:5      | Reached * piety under Okawaru
  5049 | D:6      | Noticed a toenail golem
  5053 | D:6      | Noticed a wizard
  5087 | D:6      | Found a transporter.
  5163 | D:6      | Reached skill level 8 in Axes
  5446 | D:6      | Found Ferghoap's Assorted Antiques.
  5449 | D:6      | Bought a white potion for 19 gold pieces
  5449 | D:6      | Bought a tubular golden ring for 110 gold pieces
  5449 | D:6      | Bought a scroll labelled LEOH SYPOREYHO for 22 gold pieces
  5640 | D:6      | Found a snail-covered altar of Cheibriados.
  5688 | D:6      | Reached ** piety under Okawaru
  6080 | D:6      | Noticed brightshaft's ghost (novice DgHu)
  6080 | D:6      | Found a transporter.
  6083 | D:6      | Reached XP level 9. HP: 67/78 MP: 6/8
  6093 | D:6      | Killed brightshaft's ghost
  6094 | D:6      | Reached skill level 9 in Axes
  6094 | D:6      | Reached skill level 1 in Invocations
  6106 | D:6      | Killed a toenail golem
  6106 | D:6      | Reached *** piety under Okawaru
  6107 | D:6      | Reached skill level 5 in Throwing
  6112 | D:6      | Found a one-way gate to the infinite horrors of the Abyss.
  6115 | Abyss:2  | Cast into level 2 of the Abyss (a wizard)
  6220 | Abyss:2  | Noticed a thrashing horror
  6231 | Abyss:2  | Noticed an efreet
  6238 | Abyss:2  | HP: 2/79 [efreet/+1 scimitar of flaming (5)]
  6239 | Abyss:2  | Killed from afar by an efreet

Illustrated notes

Levels and vault maps discovered:
D:1:      lemuel_arrival_room, layout_rooms, minmay_misc_feat_enclosed
D:2:      minmay_door_path, layout_basic, minmay_crystal_water
D:3:      layout_basic, mainiacjoe_overflow_small_starburst,
          nicolae_overflow_ecumenical_swirl, kennysheep_small_spiral,
          goddamned_bats
D:4:      layout_basic, grunt_temple_overflow_order_and_chaos_2,
          minmay_temple_entry_nine_rooms
D:5:      layout_cave_pods, skrybe_limestone_x
D:6:      layout_basic, mainiacjoe_overflow_tiny_flanked, serial_shops,
          kennysheep_mini, gammafunk_ghost_abyssal_escape
Temple:   minmay_temple_bridge_abc
Abyss:2:  base: D:2, abyss_fake_exit

Skill      XL: |  1  2  3  4  5  6  7  8  9 |
---------------+----------------------------+-----
Axes           | 3 4 5 7 8 9 |  9.7
Shields        | 4 5 6 7 |  7.4
Fighting       | 4 5 6 7 |  7.4
Throwing       | 1 2 3 4 5 |  5.2
Armour         | 4 5 6 7 |  7.5
Invocations    | 2 |  2.3

Action                   |  1- 3 |  4- 6 |  7- 9 || total
-------------------------+-------+-------+-------++-------
Melee: War axe           |    34 |   100 |   199 ||   333
       Headbutt          |     1 |    13 |    39 ||    53
Throw: Boomerang         |   103 |    15 |    17 ||   135
       Dart              |       |       |    27 ||    27
Invok: Heroism           |       |       |     2 ||     2
  Use: Scroll            |     1 |     5 |     6 ||    12
       Potion            |       |       |     2 ||     2
Armor: Scale mail        |    24 |   130 |    68 ||   222
       Chain mail        |       |       |    74 ||    74
Dodge: Dodged            |    14 |    80 |    79 ||   173
Block: Buckler           |    17 |    41 |    60 ||   118

Table legend: (Time is in decaauts)
 A = Elapsed time spent in this place.
 B = Non-inter-level travel time spent in this place.
 C = Inter-level travel time spent in this place.
 D = Time resting spent in this place.
 E = Time spent auto-exploring this place.
 F = Levels seen in this place.
 G = Mean time per level.
                   A        B        C        D        E       F      G
               +--------+--------+--------+--------+--------+-----+--------+
         Total |   6344 |   6164 |    180 |    304 |   4056 |   8 |  793.0 |
       Dungeon |   6113 |   5952 |    161 |    219 |   4001 |   6 | 1018.8 |
        Temple |    108 |     89 |     19 |      0 |     55 |   1 |  108.0 |
         Abyss |    123 |    123 |      0 |     85 |      0 |   1 |  123.0 |
               +--------+--------+--------+--------+--------+-----+--------+

Top non-repeatable levels by time:
     D:4: 1476 daAuts
     D:6: 1120 daAuts
     D:3: 1044 daAuts
     D:2: 982 daAuts
     D:5: 977 daAuts
     D:1: 511 daAuts
 Abyss:2: 123 daAuts
  Temple: 108 daAuts
